 Dungeon Crawl Stone Soup version 0.30.1-3-gfc49f6343a (webtiles) character file.

Game seed: 13423210517713044902

2051 shmup the Arsonist (level 9, -23/45 HPs)
             Began as a Tengu Fire Elementalist on July 30, 2023.
             Was an Initiate of Gozag.
             Killed by an exploding gnoll (31 damage)
             ... ignited by their inner flame
             ... on level 7 of the Dungeon on July 31, 2023.
             The game lasted 00:23:59 (7812 turns).

shmup the Arsonist (Tengu Fire Elementalist)        Turns: 7812, Time: 00:24:01

Health: -23/45     AC:  2    Str:  9    XL:     9   Next: 25%
Magic:  5/13       EV: 15    Int: 25    God:    Gozag
Gold:   285        SH:  0    Dex: 18    Spells: 2/12 levels left

rFire   . . .        i - +2 dagger (pain)
rCold   + + .        (no shield)
rNeg    + . .        a - +0 robe
rPois   +            (helmet restricted)
rElec   .            (no cloak)
rCorr   .            (no gloves)
SInv    .            (boots unavailable)
Will    .....        G - amulet of Xom's Best Wishes {Acrobat rPois rC++ Dex+3}
Stlth   ++           c - +6 ring of intelligence
HPRegen 0.27/turn    z - ring of positive energy
MPRegen 0.13/turn

%: acrobat
@: gold aura, flying quickly and evasively, quick
A: beak, talons 3, nimble flight
a: Renounce Religion, Potion Petition, Call Merchant, Bribe Branch


You were on level 7 of the Dungeon.
You worshipped Gozag.
Gozag was aware of your devotion.
You visited 2 branches of the dungeon, and saw 9 of its levels.

You collected 477 gold pieces.
You spent 80 gold pieces at shops.
You paid 112 gold pieces to Gozag.

Inventory:

Hand Weapons
 i - a +2 dagger of pain (weapon)
 A - a +0 trident
 E - a +0 dagger of venom
 F - a +2 heavy dire flail
Missiles
 f - 5 curare-tipped darts (quivered)
 k - 41 stones
Armour
 a - a +0 robe (worn)
 r - the +1 leather armour "Wailoosh" {rPois Int-4 Dex+2 SInv}
   (You took it off a hobgoblin on level 2 of the Dungeon)

   Int:       It affects your intelligence (-4).
   Dex:       It affects your dexterity (+2).
   rPois:     It protects you from poison.
   SInv:      It lets you see invisible.
Jewellery
 c - a +6 ring of intelligence (left hand)
 z - a ring of positive energy (right hand)
 G - the amulet of Xom's Best Wishes (around neck) {Acrobat rPois rC++ Dex+3}
   (You found it on level 5 of the Dungeon)

   [amulet of the acrobat]

   It increases your evasion while moving and waiting.
   Dex:       It affects your dexterity (+3).
   rC:        It greatly protects you from cold.
   rPois:     It protects you from poison.
 K - a +4 ring of slaying
Wands
 y - a wand of acid (4)
 B - a wand of digging (6)
 O - a wand of iceblast (11)
Scrolls
 d - a scroll of amnesia
 g - 2 scrolls of blinking {unknown}
 m - 3 scrolls of immolation
 n - a scroll of brand weapon {unknown}
 o - a scroll of teleportation
 p - 3 scrolls of magic mapping
 q - a scroll of fog {unknown}
 w - a scroll of enchant weapon {unknown}
 x - a scroll of torment {unknown}
 H - 2 scrolls of enchant armour {unknown}
 I - a scroll of fear {unknown}
 J - a scroll of vulnerability
 L - a scroll of silence {unknown}
 N - a scroll of acquirement {unknown}
Potions
 b - 2 potions of magic
 e - 2 potions of brilliance {unknown}
 h - 2 potions of might {unknown}
 j - a potion of flight {unknown}
 l - a potion of berserk rage {unknown}
 s - 3 potions of mutation {unknown}
 t - 3 potions of heal wounds
 u - 4 potions of curing
 v - 2 potions of ambrosia {unknown}
 C - 2 potions of cancellation
 D - a potion of lignification {unknown}
 M - a potion of degeneration {unknown}


   Skills:
 - Level 2.1 Dodging
 - Level 2.0 Stealth
 - Level 2.0 Spellcasting
 + Level 9.1 Conjurations
 * Level 11.1 Fire Magic


You had 2 spell levels left.
You knew the following spells:

 Your Spells              Type           Power      Damage    Failure   Level
a - Foxfire               Conj/Fire      100%       2x1d9     1%          1
b - Scorch                Fire           100%       2d9       1%          2
c - Inner Flame           Hex/Fire       30%        N/A       3%          3
d - Flame Wave            Conj/Fire      52%        2d13      1%          4

Your spell library contained the following spells:

 Spells                   Type           Power      Damage    Failure   Level
 Slow                     Hex            8%         N/A       11%         1
 Volatile Blastmotes      Fire/Tloc      60%        2d15      3%          3
 Confusing Touch          Hex            2%         N/A       32%         3
 Frozen Ramparts          Ice            4%         1d1       32%         3
 Vampiric Draining        Necr           2%         2d6       32%         3
 Ice Form                 Ice/Tmut       2%         N/A       73%         4
 Leda's Liquefaction      Hex/Erth       1%         N/A       73%         4
 Manifold Assault         Tloc           2%         N/A       73%         4
 Summon Ice Beast         Ice/Summ       2%         N/A       73%         4
 Lee's Rapid Deconstruct  Erth           1%         3d4*      97%         5
 Dispersal                Tloc           1%         N/A       100%        6
 Statue Form              Tmut/Erth      1%         N/A       100%        6
 Disjunction              Tloc           1%         N/A       100%        8


Dungeon Overview and Level Annotations

Branches:
Dungeon (8/15) Zot: 26989  Temple (1/1) D:7 Zot: 5998
   Lair: D:8-11

Altars:
Ashenzari
Cheibriados
Dithmenos
Elyvilon
Gozag
Hepliaklqana
Kikubaaqudgha
Makhleb
Okawaru
Qazlal
Ru
Sif Muna
Xom
Yredelemnul
Zin

Shops:
D:6 *


Innate Abilities, Weirdness & Mutations

You have a beak for a mouth.
You have claws for feet.
Your magical nature lets you fly swiftly and evasively.


Message History

The gnoll hits you from afar with a +0 spear.
* * * LOW HITPOINT WARNING * * *
Unknown command.
You rip the net and break free!
The gnoll is no longer more vulnerable to fire.
The gnoll hits you from afar with a +0 spear.
* * * LOW HITPOINT WARNING * * *
The gnoll hits you with a +0 club.
* * * LOW HITPOINT WARNING * * *
The gnoll closely misses you.
The gnoll hits you from afar with a +0 spear.
* * * LOW HITPOINT WARNING * * *
The gnoll bouda barely misses you. The gnoll closely misses you.
The gnoll barely misses you. The gnoll hits you but does no damage.
The gnoll closely misses you. The gnoll barely misses you.
You fly upwards.
There is a stone staircase leading down here.
Unknown command.
Okay, then.
Unknown command.
Casting: Scorch (safe; 1% risk of failure)
Confirm with . or Enter, or press ? or * to list all spells.
Casting: Flame Wave (dangerous; 1% risk of failure)
Press: ? - help, Dir - look around, f - activate A wave of flame ripples out!
The flame wave engulfs the gnoll bouda.
The gnoll bouda is lightly wounded.
The flame wave engulfs the gnoll!
Flame seeps out of the gnoll.
The gnoll is almost dead.
The flame wave engulfs the gnoll!
You kill the gnoll!
The flame wave engulfs the gnoll!
You kill the gnoll! (Press . to intensify the flame waves.)
The gnoll is engulfed in blazing flames.
The gnoll explodes!
The fiery explosion engulfs you!!
Ouch! That really hurt!
You die...
Your body crumbles into a pile of gold.

...............▒..▒
...............▒.▒▒
...>...........▒.▒
...............▒.▒
.....<.........▒.▒
.................▒
..........▒▒▒▒▒..▒
...▒......▒▒▒▒▒g.▒▒▒▒▒
...▒......▒$..#☼Q$...▒
.▒.▒......▒....#.$...▒
...▒......▒$..▒.▒▒▒..▒
...▒...▒▒▒▒...▒$..▒..▒▒▒
.▒.▒..........▒...▒....▒
...▒.......▒▒▒▒...▒▒▒▒.▒▒
...▒.......▒}.▒.+▒▒.}▒..▒▒▒
.▒.▒.......▒.........▒....▒
...▒....▒▒▒▒▒.......▒▒▒▒▒.▒


You could see a gnoll bouda.

Vanquished Creatures
  Prince Ribbit (D:6)
  Sigmund (D:4)
  A wyvern (D:7)
  Edmund (D:5)
  A water moccasin (D:5)
  An ice beast (D:6)
  A sky beast (D:7)
  A phantom (D:4)
  Blork the orc (D:4)
  2 bullfrogs (D:7)
  3 scorpions
  3 killer bees (D:7)
  A quasit (D:4)
  2 jellies (D:5)
  3 orc priests
  A hound (D:7)
  An iguana (D:6)
  An orc wizard (D:4)
  Ijyb (D:4)
  Robin (D:4)
  7 gnolls (D:7)
  8 adders
  4 shadow imps (D:4)
  2 white imps (D:4)
  An ufetubus (D:4)
  3 worms
  3 dart slugs
  22 orcs
  7 endoplasms
  5 giant cockroaches
  15 hobgoblins
  4 jackals
  A quokka (D:1)
  8 ball pythons
  4 bats
  3 frilled lizards
  13 goblins
  6 kobolds
  6 rats
  A spectral orc (D:4)
151 creatures vanquished.

Vanquished Creatures (others)
  286 foxfires
286 creatures vanquished.

Grand Total: 437 creatures vanquished

Notes
Turn   | Place    | Note
-------+----------+-------------------------------------------
     0 | D:1      | shmup the Tengu Fire Elementalist began the quest for the
                  | Orb.
     0 | D:1      | Reached XP level 1. HP: 10/10 MP: 4/4
   233 | D:1      | Reached XP level 2. HP: 15/15 MP: 4/6
   236 | D:1      | Learned a level 2 spell: Scorch
   541 | D:1      | Reached skill level 4 in Fire Magic
   989 | D:2      | Reached XP level 3. HP: 16/19 MP: 5/7
  1313 | D:2      | Reached XP level 4. HP: 24/24 MP: 6/8
  1453 | D:2      | Identified the +1 leather armour "Wailoosh" {rPois Int-4
                  | Dex+2 SInv}
  1722 | D:2      | Reached skill level 5 in Fire Magic
  2702 | D:4      | Gained mutation: Your magical nature lets you fly swiftly
                  | and evasively. [Tengu growth]
  2702 | D:4      | Reached XP level 5. HP: 25/28 MP: 1/9
  2821 | D:4      | Noticed Blork the orc
  2836 | D:4      | Killed Blork the orc
  2837 | D:4      | Reached skill level 6 in Fire Magic
  2850 | D:4      | HP: 1/28 [shadow imp/nerve-wracking pain (6)]
  3031 | D:4      | Noticed Robin
  3100 | D:4      | Reached XP level 6. HP: 32/32 MP: 8/10
  3185 | D:4      | Noticed Sigmund
  3440 | D:4      | Found a burning altar of Makhleb.
  3493 | D:4      | Noticed a cacodemon
  3651 | D:4      | Killed Sigmund
  3652 | D:4      | Reached skill level 5 in Conjurations
  3652 | D:4      | Reached skill level 7 in Fire Magic
  3652 | D:4      | Reached XP level 7. HP: 36/36 MP: 4/11
  3888 | D:4      | Killed Robin
  4139 | D:4      | Noticed Ijyb
  4144 | D:4      | Killed Ijyb
  4207 | D:4      | Found a basalt altar of Yredelemnul.
  4579 | D:5      | Entered Level 5 of the Dungeon
  4581 | D:5      | Found an opulent altar of Gozag.
  4690 | D:5      | Reached skill level 8 in Fire Magic
  5017 | D:5      | Reached XP level 8. HP: 41/41 MP: 8/12
  5359 | D:5      | Noticed Edmund
  5369 | D:5      | Killed Edmund
  5370 | D:5      | Reached skill level 9 in Fire Magic
  5475 | D:5      | Identified the amulet of Xom's Best Wishes {Acrobat rPois
                  | rC++ Dex+3}
  5573 | D:6      | Noticed Prince Ribbit
  5577 | D:6      | Killed Prince Ribbit
  5649 | D:6      | Found Biulul's General Store.
  5661 | D:6      | Bought a potion of magic for 80 gold pieces
  5690 | D:6      | Learned a level 3 spell: Inner Flame
  5695 | D:6      | Learned a level 4 spell: Flame Wave
  6032 | D:6      | Noticed a yak
  6032 | D:6      | Noticed a yak
  6034 | D:6      | Noticed a yak
  6213 | D:6      | Noticed a yak
  6215 | D:6      | Noticed a yak
  6216 | D:6      | Noticed a yak
  6361 | D:7      | Found a snail-covered altar of Cheibriados.
  6415 | D:5      | Became a worshipper of Gozag Ym Sagoz the Greedy
  6481 | D:7      | Reached skill level 10 in Fire Magic
  6748 | D:7      | Reached XP level 9. HP: 45/45 MP: 2/13
  7172 | D:7      | Reached skill level 11 in Fire Magic
  7225 | D:7      | Found a staircase to the Ecumenical Temple.
  7378 | D:7      | Found a broken altar of Ashenzari.
  7771 | Temple   | Entered the Ecumenical Temple
  7812 | D:7      | Killed by an exploding gnoll... ignited by their inner
                  | flame

Illustrated notes

Levels and vault maps discovered:
D:1:      reono_arrival_mine, layout_loops_ring, nicolae_figureground_sparkle
D:2:      layout_loops_cross
D:3:      layout_loops_ring
D:4:      layout_loops_ring, makhleb_altar_promises_db,
          yredelemnul_forgotten_temple_becter, serial_demonic, serial_demonic_c,
          serial_demonic_f, serial_demonic_b, serial_demonic_c,
          serial_demonic_g, serial_demonic_c, minmay_unequal, uniq_sigmund,
          uniq_ijyb, uniq_robin, uniq_blork_the_orc
D:5:      layout_basic, mainiacjoe_overflow_paths, st_stairs_11, uniq_edmund
D:6:      layout_basic, mainiacjoe_overflow_alcove_4, serial_shops, shop,
          nicolae_shop_tiny_real_fake_doors, nicolae_shop_crystal,
          uniq_prince_ribbit1
D:7:      layout_basic, mainiacjoe_overflow_boulevard, evilmike_ruin_ashenzari,
          temple_hall
D:8:      layout_basic, lemuel_coloured_pillars_altar,
          nicolae_wu_jian_immortal_techniques, mainiacjoe_overflow_big_doors,
          enter_bailey_5, uniq_gastronok
Temple:   hellmonk_temple_micro_hex

Skill      XL: |  1  2  3  4  5  6  7  8  9 |
---------------+----------------------------+-----
Conjurations   | 2 3 4 5 6 8 9 |  9.1
Fire Magic     | 4 5 6 7 8 10 11 | 11.1
Dodging        | |  2.1
Stealth        | |  2.0
Spellcasting   | |  2.0

Action                     |  1- 3 |  4- 6 |  7- 9 || total
---------------------------+-------+-------+-------++-------
  Melee: Unarmed           |     3 |       |       ||     3
         Kick              |     1 |     2 |     8 ||    11
         Dagger            |     3 |    15 |    24 ||    42
         Peck              |       |     1 |     5 ||     6
         Punch             |       |       |     1 ||     1
   Cast: Foxfire           |    38 |    51 |    94 ||   183
         Scorch            |     2 |    19 |    54 ||    75
         Inner Flame       |       |       |     6 ||     6
         Flame Wave        |       |       |     1 ||     1
    Use: Scroll            |     1 |     2 |     6 ||     9
         Potion            |       |       |     1 ||     1
   Stab: Sleeping          |       |     2 |       ||     2
 Armour: Robe              |     3 |    11 |     6 ||    20
  Dodge: Dodged            |     3 |    27 |    39 ||    69
